 Dungeon Sprint DCSS version 0.28-a0-1387-g3a22ab9bdc (webtiles) character file.

Game seed: 455585173973173849

1007 mhtbhm the Protected (level 8, -1/71 HPs)
             Began as a Formicid Fighter on Jan 2, 2022.
             Was a Follower of Okawaru.
             Slain by a kobold demonologist (5 damage)
             ... in the Dungeon (Sprint I: "Red Sonja").
             The game lasted 00:01:53 (1240 turns).

mhtbhm the Protected (Formicid Fighter)             Turns: 1240, Time: 00:01:53

Health: -1/71      AC:  8    Str: 24      XL:     8   Next: 44%
Magic:  9/10       EV: 11    Int:  7      God:    Okawaru [*.....]
Gold:   459        SH:  5    Dex:  9 (10) Spells: 7/7 levels left

rFire   . . .      SeeInvis +   a - +0 trident
rCold   . . .      Faith    .   c - +0 buckler
rNeg    . . .      Spirit   .   b - +0 scale mail
rPois   .          Reflect  .   (helmet unavailable)
rElec   .          Harm     .   (no cloak)
rCorr   .          Rampage  .   (no gloves)
Will    .....                   (no boots)
Stlth   ..........              (no amulet)
HPRegen 0.21/turn               (no ring)
MPRegen 0.12/turn               (no ring)

@: weakened
A: permanent stasis, dig shafts and tunnels, antennae 3, four strong arms
a: Dig, Renounce Religion, Heroism


You were in the Dungeon.
You worshipped Okawaru.
Okawaru was aware of your devotion.
You visited 1 branch You collected 459 gold pieces.

Inventory:

Hand Weapons
 a - a +0 trident (weapon)
Armour
 b - a +0 scale mail (worn)
 c - a +0 buckler (worn)
Potions
 g - 2 potions of magic


   Skills:
 + Level 9.4 Fighting
 + Level 9.4 Polearms
 + Level 10.5 Armour
 + Level 3.7 Dodging
 - Level 1.4 Stealth
 + Level 8.8 Shields
 * Level 3.8 Invocations


You had 7 spell levels left.
You didn't know any spells.
Your spell library was empty.

Dungeon Overview and Level Annotations

Branches:
Dungeon (1/1)

Altars:
Cheibriados
Dithmenos
Elyvilon
Fedhas
Gozag
Hepliaklqana
Kikubaaqudgha
Makhleb
Nemelex Xobeh
Okawaru
Qazlal
Ru
Sif Muna
Trog
Uskayaw
Vehumet
Wu Jian
Xom
Yredelemnul
Zin
The Shining One
Jiyva
Lugonu

Shops:
D :


Innate Abilities, Weirdness & Mutations

You cannot be hasted, slowed, berserked, paralysed or teleported.
You can dig through walls and to a lower floor.
You have a pair of large antennae on your head. (SInv)
Your four strong arms can wield two-handed weapons with a shield.


Message History

The chaos spawn gores you.
The kobold demonologist hits you but does no damage.
The kobold demonologist barely misses you.
Unknown command.
You closely miss the kobold demonologist.
The kobold demonologist is almost dead.
The orange demon stings you!
* * * LOW HITPOINT WARNING * * *
The orange demon hits you.
* * * LOW HITPOINT WARNING * * *
You feel as though you will be weak longer.
The chaos spawn barely misses you.
You closely miss the kobold demonologist.
The kobold demonologist is almost dead.
You block the kobold demonologist's attack.
The kobold demonologist misses you. The orange demon barely misses you.
You block the orange demon's attack. The chaos spawn gores you.
* * * LOW HITPOINT WARNING * * *
The chaos spawn shocks you.
* * * LOW HITPOINT WARNING * * *
Unknown command.
You puncture the kobold demonologist!
You kill the kobold demonologist!
Okawaru is honoured by your kill.
The ufetubus disappears in a puff of smoke! x2
The iron imp disappears in a puff of smoke!
The chaos spawn degenerates into a cloud of primal chaos!
The kobold demonologist hits you but does no damage.
The orange demon stings you.
* * * LOW HITPOINT WARNING * * *
The orange demon hits you but does no damage.
You feel your intelligence returning.
You feel your dexterity returning.
Your Polearms skill increases to level 9!
Your Invocations skill increases to level 3!
Unknown command.
You hit the kobold demonologist.
The kobold demonologist is severely wounded.
The chaos spawn barely misses you.
The kobold demonologist hits you with a +0 dagger.
You die...

######################
..)..#.)'..#__#4@)§§§#
..#..+..#..'..54K#§..#
####'#####'#__####
..+{ ###..#...#)####
##{ __####..##(# {
_____##'#_.+ {
_.∩...'..._# {
_..__##_.#'#
_____###+#)# {


You could see an orange demon (summoned), a kobold demonologist, a chaos spawn
(summoned) and a quasit (summoned).

Vanquished Creatures
  A kobold demonologist (D)
  A slime creature (D)
  Sigmund (D)
  A yak (D)
  A floating eye (D)
  An ogre (D)
  A jelly (D)
  Ijyb (D)
8 creatures vanquished.

Notes
Turn   | Place    | Note
-------+----------+-------------------------------------------
     0 | D        | mhtbhm the Formicid Fighter began the quest for the Orb.
     0 | D        | Reached XP level 1. HP: 18/18 MP: 1/1
     1 | D        | Noticed Ijyb
    23 | D        | Killed Ijyb
    24 | D        | Reached skill level 4 in Armour
    24 | D        | Reached XP level 2. HP: 18/26 MP: 2/2
    24 | D        | Reached XP level 3. HP: 21/31 MP: 3/3
   119 | D        | Noticed an ogre
   123 | D        | HP: 1/31 [ogre (7)]
   124 | D        | Killed an ogre
   125 | D        | Reached skill level 6 in Armour
   125 | D        | Reached XP level 4. HP: 2/40 MP: 4/4
   125 | D        | Reached XP level 5. HP: 2/46 MP: 5/5
   442 | D        | Found a basalt altar of Yredelemnul.
   442 | D        | Found a hide-covered altar of Uskayaw.
   442 | D        | Found a hazy altar of Hepliaklqana.
   442 | D        | Found a shadowy altar of Dithmenos.
   442 | D        | Found an ancient bone altar of Kikubaaqudgha.
   442 | D        | Found a sacrificial altar of Ru.
   442 | D        | Found a snail-covered altar of Cheibriados.
   442 | D        | Found Duxzip's Book Emporium.
   442 | D        | Found an opulent altar of Gozag.
   442 | D        | Found a sparkling altar of Nemelex Xobeh.
   442 | D        | Found a glowing golden altar of the Shining One.
   442 | D        | Found an iron altar of Okawaru.
   442 | D        | Found a bloodstained altar of Trog.
   442 | D        | Found a blossoming altar of Fedhas.
   442 | D        | Found a stormy altar of Qazlal.
   442 | D        | Found a white marble altar of Elyvilon.
   442 | D        | Found a glowing silver altar of Zin.
   442 | D        | Noticed a yak
   465 | D        | Killed a yak
   466 | D        | Reached skill level 8 in Armour
   466 | D        | Reached skill level 1 in Dodging
   466 | D        | Reached XP level 6. HP: 6/55 MP: 6/6
   752 | D        | Became a worshipper of Warmaster Okawaru
   760 | D        | Found a shimmering blue altar of Sif Muna.
   760 | D        | Found a radiant altar of Vehumet.
   760 | D        | Found an ornate altar of the Wu Jian Council.
   823 | D        | Noticed Sigmund
   836 | D        | Killed Sigmund
   837 | D        | Reached skill level 9 in Armour
   837 | D        | Reached skill level 1 in Stealth
   837 | D        | Reached XP level 7. HP: 42/63 MP: 7/7
   950 | D        | Found a burning altar of Makhleb.
   950 | D        | Found a viscous altar of Jiyva.
   950 | D        | Found a shimmering altar of Xom.
   950 | D        | Found a corrupted altar of Lugonu.
   950 | D        | Noticed a slime creature
   969 | D        | Killed a slime creature
   969 | D        | Reached * piety under Okawaru
   970 | D        | Reached skill level 10 in Armour
  1207 | D        | Noticed a kobold demonologist
  1207 | D        | Noticed a kobold demonologist
  1211 | D        | Reached XP level 8. HP: 71/71 MP: 7/9
  1228 | D        | Noticed an orange demon
  1239 | D        | Killed a kobold demonologist
  1239 | D        | HP: 3/71 [orange demon[a kobold demonologist] (1)]
  1240 | D        | Slain by a kobold demonologist

Illustrated notes

Levels and vault maps discovered:
D:        dungeon_sprint_1 [red_sonja_temple_1, red_sonja_temple_small_1]

Skill      XL: |  1  2  3  4  5  6  7  8 |
---------------+-------------------------+-----
Fighting       | 4 6 7 8 9 |  9.4
Polearms       | 3 4 6 7 8 9 |  9.4
Armour         | 4 6 8 9 10 | 10.5
Shields        | 4 6 7 8 |  8.8
Dodging        | 1 2 3 |  3.7
Stealth        | 1 |  1.4
Invocations    | 2 3 |  3.8

Action                   |  1- 3 |  4- 6 |  7- 9 || total
-------------------------+-------+-------+-------++-------
Melee: Trident           |    26 |    38 |    50 ||   114
 Abil: Dig               |       |     2 |       ||     2
  Use: Potion            |     1 |       |     2 ||     3
Armor: Scale mail        |     4 |     8 |    40 ||    52
Dodge: Dodged            |     6 |    11 |    34 ||    51
Block: Buckler           |     1 |     6 |    26 ||    33

Table legend: (Time is in decaauts)
 A = Elapsed time spent in this place.
 B = Non-inter-level travel time spent in this place.
 C = Inter-level travel time spent in this place.
 D = Time resting spent in this place.
 E = Time spent auto-exploring this place.
 F = Levels seen in this place.
 G = Mean time per level.
                   A        B        C        D        E       F      G
               +--------+--------+--------+--------+--------+-----+--------+
         Total |   1240 |   1240 |      0 |    949 |      0 |   1 | 1240.0 |
       Dungeon |   1240 |   1240 |      0 |    949 |      0 |   1 | 1240.0 |
               +--------+--------+--------+--------+--------+-----+--------+

Top non-repeatable levels by time:
       D: 1240 daAuts
